 Dungeon Crawl Stone Soup version 0.26-a0-651-gb41185065b (webtiles) character file.

Game seed: 10873598847966895156

213757 Flugslaktarn the Severer (level 17, 94/171 HPs)
             Began as a Deep Dwarf Fighter on Oct 6, 2020.
             Was the Champion of Makhleb.
             Quit the game on level 5 of the Abyss.
             The game lasted 00:17:15 (17906 turns).

Flugslaktarn the Severer (Deep Dwarf Fighter)      Turns: 17906, Time: 00:17:15

Health: 94/171     AC: 28    Str: 28    XL:     17   Next: 82%
Magic:  0/0        EV: 11    Int:  8    God:    Makhleb [******]
Gold:   2230       SH: 21    Dex: 12    Spells: 16/16 levels left

rFire    + + +     SeeInvis .   Q - +5 broad axe
rCold    + . .     Faith    .   j - +2 kite shield
rNeg     + . .     Spirit   .   l - +0 plate armour
rPois    .         Reflect  +   p - +2 helmet of Wrong Decisions {rC+ Regen+ rCorr}
rElec    .         Harm     .   A - +0 cloak
rCorr    +         Rampage  .   O - +2 pair of gloves
MR       ++...     Rnd*Rage +   G - +2 pair of boots {run}
Stlth    ..........             L - amulet of reflection
HPRegen  0.00/turn              v - +4 ring of evasion
MPRegen  0.07/turn              m - ring "Donu Zed" {+Inv +Fly rF+++}

@: non-regenerating, diseased, lightly drained, very slow
A: damage resistance, heal wounds, berserk 1, negative energy resistance 1,
sense surroundings 2, no regeneration
}: 2/15 runes: barnacled, gossamer
a: Heal Wounds, Minor Destruction, Lesser Servant of Makhleb, Major Destruction,
Greater Servant of Makhleb, Renounce Religion, Evoke Invisibility, Evoke Flight


You were on level 5 of the Abyss.
You worshipped Makhleb.
Makhleb was exalted by your worship.
You visited 6 branches of the dungeon, and saw 28 of its levels.
You visited the Abyss 1 time.
You also visited: Bailey and Ice Cave.

You collected 3092 gold pieces.
You spent 862 gold pieces at shops.

Inventory:

Hand Weapons
 a - a +1 war axe
 b - a +1 hand axe of distortion
   (You took it off an orc on level 10 of the Dungeon)
 Q - a +5 broad axe (weapon)
   (You took it off a death knight on level 5 of the Abyss)
Missiles
 B - 2 throwing nets (quivered)
Armour
 c - a +0 kite shield
 j - a +2 kite shield (worn)
   (You took it off Asterion on level 3 of the Spider Nest)
 l - a +0 plate armour (worn)
   (You took it off an orc warrior on level 6 of the Dungeon)
 p - the +2 helmet of Wrong Decisions (worn) {rC+ Regen+ rCorr}
   (You found it on level 7 of the Dungeon)

   It protects you from cold.
   It increases your rate of regeneration.
   It provides partial protection from all sources of acid and corrosion.
 A - a +0 cloak (worn)
   (You found it on level 7 of the Dungeon)
 G - a +2 pair of boots of running (worn)
   (You bought it in a shop on level 2 of the Orcish Mines)
 O - a +2 pair of gloves (worn)
   (You found it on level 2 of the Spider Nest)
Jewellery
 m - the ring "Donu Zed" (right hand) {+Inv +Fly rF+++}
   (You acquired it on level 15 of the Dungeon)

   [ring of flight]

   It renders you almost immune to fire.
   It lets you turn invisible.
   It lets you fly.
 o - an uncursed ring of poison resistance
   (You found it on level 12 of the Dungeon)
 v - a +4 ring of evasion (left hand)
   (You found it on level 8 of the Dungeon)
 I - an uncursed amulet of faith
   (You found it on level 15 of the Dungeon)
 L - an amulet of reflection (around neck)
   (You found it on level 12 of the Dungeon)
 N - the amulet of Virtue {RegenMP rF+ rC+ MP-9 Int+6}
   (You acquired it on level 3 of the Shoals)

   [amulet of magic regeneration]

   It increases your magic regeneration.
   It affects your intelligence (+6).
   It protects you from fire.
   It protects you from cold.
   It affects your magic capacity (-9).
 P - an uncursed ring of fire {unknown}
   (You found it on level 4 of the Shoals)
Wands
 i - a wand of iceblast (13)
   (You found it on level 5 of the Dungeon)
 y - a wand of paralysis (30)
   (You found it on level 3 of the Dungeon)
Scrolls
 k - a scroll of holy word
 r - 7 scrolls of identify
 t - 3 scrolls of teleportation
 u - 6 scrolls of immolation
 x - 12 scrolls of remove curse
 z - 2 scrolls of blinking
 C - 2 scrolls of magic mapping
 D - 2 scrolls of summoning
 E - 4 scrolls of fear
 K - a scroll of silence
 M - a scroll of fog
Potions
 d - a potion of might
 e - 6 potions of lignification
 g - a potion of mutation
 h - 2 potions of haste
 n - a potion of flight
 q - 6 potions of curing
 s - a potion of magic
 w - 10 potions of heal wounds
 H - 5 potions of ambrosia
 J - 3 potions of cancellation
Miscellaneous
 F - a condenser vane (2/2)
   (You bought it in a shop on level 9 of the Dungeon)


   Skills:
 * Level 15.7(15.2) Fighting
 - Level 18.0(17.5) Axes
 + Level 13.5(13.1) Armour
 + Level 13.7(13.2) Shields
 - Level 15.0(14.5) Invocations
 - Level 10.0(9.5) Evocations


You had 16 spell levels left.
You didn't know any spells.
Your spell library was empty.

Dungeon Overview and Level Annotations

Branches:
Dungeon (15/15)            Temple (1/1) D:5            Lair (2/6) D:9
 Shoals (4/4) Lair:2       Spider (4/4) Lair:2          Orc (2/2) D:9
    Elf (0/3) Orc:2        Vaults (0/5) D:14         Depths (0/5) D:15
 Bailey (visited)           IceCv (visited)

Altars:
Ashenzari
Cheibriados
Dithmenos
Elyvilon
Fedhas
Gozag
Hepliaklqana
Kikubaaqudgha
Makhleb
Nemelex Xobeh
Okawaru
Qazlal
Ru
Sif Muna
Uskayaw
Vehumet
Wu Jian
Xom
Yredelemnul
Zin
The Shining One

Shops:
D:9 !**?   D:12 =   Orc:2 [:[[

Annotations:
D:4 2 transporters, Lanoc's ghost, amateur TrIE
D:14 Roxanne
Lair:1 1 runed translucent door
Lair:2 exclusion: oklob plant


Innate Abilities, Weirdness & Mutations

You are resistant to damage.
You can heal yourself by infusing magical energy.
You resist negative energy. (rN+)
You passively map the area around you.
You do not regenerate.
You tend to lose your temper in combat.


Message History

Your unstable footing causes you to fumble your attack.
The raiju bursts into living lightning!
The living lightning misses you.
The raiju blinks!
The large abomination closely misses you.
Your unstable footing causes you to fumble your attack.
A hell hog comes into view.
You block the raiju's attack.
The hell hog squeals angrily.
You hit the large abomination.
You destroy the large abomination!
Makhleb accepts your kill.
You feel better.
You closely miss the raiju.
The substance of the Abyss twists violently, and a gateway leading out appears!
You hear a shout!
An ancient zyme comes into view.
You enter the shallow water.
Moving in this stuff is going to be slow.
You are a level 17 Deep Dwarf Fighter.
You are 82% of the way to level 18.
Play time: 00:17:13 (17906 turns) Are you sure you want to abandon this character and quit the game? (Confirm with "yes".)

. ### ##
.#≈≈≈≈≈≈≈. . .#
..# #≈≈≈≈≈≈...
...# ## ..#
#≈≈≈≈≈≈### # .##
#...##≈≈≈≈≈≈≈.# #
#).#.#≈≈≈≈♣≈≈# .#
#..†#.≈≈≈≈≈≈.#
###. #
#.†§≈≈≈≈≈≈#.. .
.. #
##≈†§≈≈≈≈.... # #
# #
..#≈≈h@≈≈≈≈x.. .
. . #≈≈≈♣[≈≈≈#.#
....h.≈≈≈≈≈≈≈≈#
###.X.≈≈≈≈≈≈≈≈..#
.....≈≈≈≈≈≈≈≈...
....#≈≈≈≈≈≈≈.#..
#####≈≈≈≈≈≈≈≈. #
#≈≈≈ ≈≈≈≈.#


You could see a hell hog, an ancient zyme, a large abomination and a raiju.

Vanquished Creatures
  Nikola (Spider:1)
  Asterion (Spider:3)
  3 tentacled starspawn
  Kirke (Spider:3)
  Donald (Spider:3)
  Ilsuiw (Shoals:4)
  3 ghost moths (Spider:4)
  Louise (Spider:3)
  An orc warlord (Orc:1)
  4 emperor scorpions
  An ironheart preserver (D:14)
  2 entropy weavers
  Azrael (D:13)
  3 spark wasps (Spider:3)
  An eidolon (Abyss:5)
  2 blizzard demons (Abyss:5)
  A great orb of eyes (D:14)
  5 merfolk impalers
  5 merfolk javelineers (Shoals:4)
  Josephine (D:11)
  A rakshasa (Abyss:5)
  A hydra (D:14)
  6 centaur warriors
  A death knight (Abyss:5)
  3 merfolk avatars
  2 satyrs (Shoals:4)
  18 two-headed ogres
  3 alligator snapping turtles
  A tengu warrior (D:14)
  4 ogre magi (Orc:2)
  3 merfolk aquamancers (Shoals:4)
  A vampire mage (D:14)
  Nergalle (D:11)
  A thrashing horror (Abyss:5)
  3 wretched stars (Abyss:5)
  Sonja (Orc:2)
  A skeletal warrior (D:15)
  A storm dragon zombie (D:15)
  A sixfirhy (Abyss:5)
  A wizard (D:15)
  4 unseen horrors
  4 sea snakes
  A kraken simulacrum (Shoals:4)
  8 harpies
  20 orb spiders
  A shadow dragon skeleton (D:15)
  A necromancer (D:14)
  9 manticores
  22 wolf spiders
  A frost giant zombie (D:15)
  18 ugly things
  A deep elf mage (D:13)
  9 fauns
  2 moths of wrath
  2 cyclopes
  A large abomination (Abyss:5)
  8 merfolk sirens
  3 worldbinders (Abyss:5)
  A cyclops (shapeshifter) (D:15)
  6 water nymphs
  5 smoke demons (Abyss:5)
  5 centaur skeletons
  2 cane toads (Lair:1)
  2 torpor snails
  A gargoyle (D:15)
  An apocalypse crab (Abyss:5)
  2 freezing wraiths
  A kobold demonologist (D:14)
  2 efreet
  A komodo dragon (Lair:2)
  A rime drake (Lair:2)
  9 demonic crawlers
  17 merfolk
  34 jumping spiders
  8 trolls
  An ancient zyme (Abyss:5)
  A guardian mummy (D:15)
  A polar bear (Lair:2)
  A troll (shapeshifter) (D:13)
  2 hornets
  2 wind drakes
  6 raiju (Abyss:5)
  7 snapping turtles
  6 slime creatures (D:15)
  4 blink frogs (Lair:1)
  5 hippogriffs
  An ice dragon zombie (D:15)
  A meliai zombie (D:14)
  67 redbacks
  6 water elementals
  A spriggan (Lair:2)
  2 shadows
  20 tarantellas
  5 wraiths
  3 fire elementals (D:13)
  3 vampires
  3 wyverns
  A hog (Spider:3)
  40 yaks
  A basilisk (D:14)
  A steam dragon (D:12)
  8 vampire mosquitoes
  A warg (Orc:1)
  2 neqoxecs
  An acid dragon (D:11)
  5 water moccasins
  A soldier ant (D:14)
  2 small abominations (Abyss:3)
  16 orc warriors
  4 hell hounds (D:13)
  3 porcupines
  3 black bears
  9 ice beasts
  2 phantoms
  4 sky beasts
  34 ogres
  An eye of draining (D:13)
  19 centaurs
  3 boggarts (D:15)
  3 wolves (Lair:2)
  3 crocodiles
  3 big kobolds
  An earth elemental (Abyss:3)
  14 bullfrogs
  A wyvern skeleton (D:14)
  3 scorpions
  16 wights
  3 vampire bats (D:8)
  3 howler monkeys
  4 electric eels (D:10)
  2 quasits
  9 starcursed masses (Abyss:5)
  A bullfrog zombie (D:5)
  6 hounds
  8 jellies
  22 orc wizards
  8 orc priests
  5 bullfrog skeletons
  2 iguanas
  A lightning spire (Abyss:5)
  13 worker ants
  2 hound skeletons
  A worker ant zombie (D:8)
  10 gnolls
  13 adders
  A howler monkey skeleton (D:6)
  2 shadow imps
  17 white imps
  5 ufetubi
  An ooze (D:6)
  4 adder skeletons
  An adder zombie (D:5)
  2 worms
  2 leopard geckos
  45 orcs
  3 bats (D:2)
  4 bat skeletons (D:8)
  2 bat zombies (D:8)
  A giant cockroach (D:3)
  3 goblins (D:2)
  6 hobgoblins
  5 jackals
  11 kobolds
  4 quokkas
  4 frilled lizards
  3 rats
  A lurking horror (Abyss:5)
  5 starspawn tentacles
904 creatures vanquished.

Vanquished Creatures (collateral kills)
  4 emperor scorpions (Spider:4)
  A hydra (D:14)
  An orb spider (Spider:4)
  A moth of wrath (Spider:4)
  A jumping spider (Spider:4)
  An orc (D:14)
  A kobold (D:14)
10 creatures vanquished.

Vanquished Creatures (others)
  2 unseen horrors
  A jumping spider (Spider:4)
  A tarantella (Spider:4)
  4 humans (Spider:3)
  9 fungi
  53 plants
  6 starspawn tentacles
  4 tentacles (Shoals:4)
  5 withered plants (D:15)
85 creatures vanquished.

Grand Total: 999 creatures vanquished

Notes
Turn   | Place    | Note
-------+----------+-------------------------------------------
     0 | D:1      | Flugslaktarn the Deep Dwarf Fighter began the quest for the
                  | Orb.
     0 | D:1      | Reached XP level 1. HP: 20/20 MP: 1/1
   119 | D:2      | Reached XP level 2. HP: 24/27 MP: 2/2
   268 | D:2      | Reached XP level 3. HP: 28/34 MP: 3/3
   639 | D:3      | Reached skill level 3 in Axes
   942 | D:4      | Reached XP level 4. HP: 32/42 MP: 4/4
  1007 | D:4      | Noticed an ogre
  1015 | D:4      | Killed an ogre
  1015 | D:4      | Reached XP level 5. HP: 38/50 MP: 5/5
  1021 | D:4      | Reached skill level 4 in Axes
  1143 | D:4      | Noticed an ogre
  1152 | D:4      | Killed an ogre
  1152 | D:4      | Reached XP level 6. HP: 10/57 MP: 6/6
  1280 | D:5      | Entered Level 5 of the Dungeon
  1335 | D:5      | Noticed an ice beast
  1341 | D:5      | Killed an ice beast
  1461 | D:4      | Found a transporter.
  1467 | D:4      | Found a transporter.
  1470 | D:4      | Noticed Lanoc's ghost (amateur TrIE)
  1608 | D:5      | Reached skill level 5 in Axes
  1709 | D:5      | Reached XP level 7. HP: 53/66 MP: 7/7
  1746 | D:5      | Found a staircase to the Ecumenical Temple.
  1776 | D:5      | Reached skill level 5 in Fighting
  1794 | Temple   | Entered the Ecumenical Temple
  1854 | Temple   | Became a worshipper of Makhleb the Destroyer
  1929 | D:5      | Found a hide-covered altar of Uskayaw.
  1931 | D:5      | Found a glowing silver altar of Zin.
  1954 | D:5      | Reached skill level 5 in Shields
  1955 | D:5      | Reached skill level 1 in Invocations
  2021 | D:5      | Reached skill level 5 in Armour
  2525 | D:6      | Reached skill level 6 in Axes
  2529 | D:6      | Reached XP level 8. HP: 53/75 MP: 8/8
  2699 | D:6      | Reached * piety under Makhleb
  2799 | D:6      | Found a basalt altar of Yredelemnul.
  2849 | D:6      | Found an ornate altar of the Wu Jian Council.
  3087 | D:7      | Reached skill level 7 in Axes
  3174 | D:7      | Gained mutation: You passively map the area around you.
                  | [Deep Dwarf growth]
  3174 | D:7      | Reached XP level 9. HP: 39/85 MP: 9/11
  3254 | D:7      | Reached ** piety under Makhleb
  3261 | D:7      | Found a flagged portal.
  3271 | Bailey   | Entered a bailey
  3272 | Bailey   | Noticed an orc knight
  3356 | D:7      | Reached skill level 8 in Axes
  3533 | D:7      | Got a bloodstained helmet
  3545 | D:7      | Identified the +2 helmet of Wrong Decisions {rC+ Regen+
                  | rCorr} (You found it on level 7 of the Dungeon)
  3737 | D:7      | Reached skill level 5 in Invocations
  3752 | D:7      | Found an iron altar of Okawaru.
  3753 | D:7      | Found a broken altar of Ashenzari.
  3755 | D:7      | Found an opulent altar of Gozag.
  3759 | D:7      | Found a shimmering altar of Xom.
  3759 | D:7      | Found a radiant altar of Vehumet.
  3759 | D:7      | Found a white marble altar of Elyvilon.
  3760 | D:7      | Found a sacrificial altar of Ru.
  3761 | D:7      | Found a blossoming altar of Fedhas.
  3762 | D:7      | Found a snail-covered altar of Cheibriados.
  4215 | D:8      | Reached *** piety under Makhleb
  4257 | D:8      | Found an ancient bone altar of Kikubaaqudgha.
  4615 | D:9      | Found Ippisa's General Store.
  4626 | D:9      | Bought a condenser vane (2/2) for 260 gold pieces
  4634 | D:9      | Found Teefalor's Magic Scroll Shop.
  4639 | D:9      | Bought a scroll of teleportation for 39 gold pieces
  4680 | D:9      | Reached skill level 9 in Axes
  4680 | D:9      | Reached XP level 10. HP: 86/96 MP: 11/11
  4704 | D:9      | Reached skill level 1 in Evocations
  4804 | D:9      | Found a staircase to the Lair.
  4912 | D:9      | Found Bittiq's Assorted Antiques.
  4915 | D:9      | Found Ibbuojul's Distillery.
  4920 | D:9      | Bought a glowing ruby potion for 21 gold pieces
  4920 | D:9      | Bought a scroll labeled METRAEJEBE for 24 gold pieces
  5036 | D:9      | Found a staircase to the Orcish Mines.
  5248 | D:9      | Identified a scroll of acquirement
  5248 | D:9      | Acquired 865 gold pieces
  5261 | D:9      | Bought a potion of mutation for 104 gold pieces
  5261 | D:9      | Bought a potion of heal wounds for 65 gold pieces
  5261 | D:9      | Bought a potion of heal wounds for 65 gold pieces
  5286 | D:9      | Bought a potion of might for 52 gold pieces
  5307 | D:10     | Entered Level 10 of the Dungeon
  5343 | D:10     | Noticed a two-headed ogre
  5356 | D:10     | Killed a two-headed ogre
  5481 | D:10     | Reached **** piety under Makhleb
  5689 | D:10     | Found a shimmering blue altar of Sif Muna.
  5815 | D:10     | Killed an unseen horror
  5815 | D:10     | Reached skill level 10 in Axes
  5986 | D:10     | Reached XP level 11. HP: 82/104 MP: 12/12
  6256 | D:11     | Noticed a two-headed ogre
  6257 | D:11     | Noticed a two-headed ogre
  6267 | D:11     | Killed a two-headed ogre
  6279 | D:11     | Killed a two-headed ogre
  6343 | D:11     | Killed an unseen horror
  6473 | D:11     | Killed an unseen horror
  6520 | D:11     | Reached skill level 5 in Evocations
  6533 | D:11     | Killed an unseen horror
  6533 | D:11     | Reached skill level 11 in Axes
  6579 | D:11     | Noticed Nergalle
  6604 | D:11     | Killed Nergalle
  6770 | D:11     | Noticed a brown ugly thing
  6790 | D:11     | Killed a brown ugly thing
  6790 | D:11     | Reached ***** piety under Makhleb
  6830 | D:11     | Noticed Josephine
  6983 | D:11     | Killed Josephine
  6983 | D:11     | Reached XP level 12. HP: 99/116 MP: 12/12
  7121 | D:12     | Reached skill level 10 in Fighting
  7642 | D:12     | Found Roag's Jewellery Shoppe.
  7678 | D:13     | Found a frozen archway.
  7709 | IceCv    | Entered an ice cave
  7750 | D:13     | Reached skill level 12 in Axes
  7991 | D:13     | Noticed Azrael
  8034 | D:13     | Killed Azrael
  8205 | D:13     | Noticed a centaur warrior
  8215 | D:13     | Killed a centaur warrior
  8755 | D:14     | Noticed a four-headed hydra
  8756 | D:14     | Noticed a four-headed hydra
  8758 | D:14     | Noticed a tengu warrior
  8782 | D:14     | Killed a tengu warrior
  8782 | D:14     | Reached XP level 13. HP: 127/127 MP: 13/13
  8816 | D:14     | Reached ****** piety under Makhleb
  8852 | D:14     | Found a gate to the Vaults.
  8852 | D:14     | Noticed an ironheart preserver
  8881 | D:14     | Killed an ironheart preserver
  8881 | D:14     | Reached skill level 10 in Invocations
  8943 | D:14     | Reached skill level 13 in Axes
  9125 | D:14     | Reached skill level 10 in Shields
  9183 | D:14     | Noticed Roxanne
  9664 | D:15     | Entered Level 15 of the Dungeon
  9668 | D:15     | Reached skill level 10 in Armour
  9823 | D:15     | Gained mutation: You resist negative energy. (rN+) [Deep
                  | Dwarf growth]
  9823 | D:15     | Reached XP level 14. HP: 138/138 MP: 13/13
  9964 | D:15     | Found a staircase to the Depths.
 10232 | D:15     | Acquired the ring "Donu Zed" {+Inv +Fly rF+++}
 10259 | D:15     | Reached skill level 14 in Axes
 10783 | Orc:1    | Entered Level 1 of the Orcish Mines
 10785 | Orc:1    | You fall into a shaft and drop 1 floor!
 10785 | Orc:2    | Entered Level 2 of the Orcish Mines
 10886 | Orc:2    | Noticed Sonja
 10897 | Orc:2    | Killed Sonja
 11168 | Orc:2    | Reached skill level 10 in Evocations
 11338 | Orc:2    | Found Yjopefit's Book Emporium.
 11338 | Orc:2    | Found Quapt's Armour Boutique.
 11339 | Orc:2    | Found Haamiet's Antique Armour Shop.
 11339 | Orc:2    | Found Gebizyr's Antique Armour Emporium.
 11356 | Orc:2    | Bought a pair of embroidered boots for 232 gold pieces
 11366 | Orc:2    | Identified a +2 pair of boots of running (You bought it in
                  | a shop on level 2 of the Orcish Mines)
 11575 | Orc:2    | Found a staircase to the Elven Halls.
 11843 | Orc:1    | Noticed an orc warlord
 11900 | Orc:1    | Killed an orc warlord
 12047 | Lair:1   | Entered Level 1 of the Lair of Beasts
 12195 | Lair:1   | Found a runed translucent door.
 12419 | Lair:2   | Found a hole to the Spider Nest.
 12665 | Lair:2   | Found a staircase to the Shoals.
 12670 | Lair:2   | Reached XP level 15. HP: 140/147 MP: 12/12
 12716 | Lair:2   | Reached skill level 15 in Axes
 12961 | Spider:1 | Entered Level 1 of the Spider Nest
 13124 | Spider:1 | Noticed Nikola
 13152 | Spider:1 | Killed Nikola
 13670 | Spider:3 | Noticed Donald
 13677 | Spider:3 | Noticed Louise
 13680 | Spider:3 | Noticed Kirke
 13698 | Spider:3 | Killed Kirke
 13700 | Spider:3 | Reached skill level 16 in Axes
 13710 | Spider:3 | Killed Louise
 13713 | Spider:3 | Noticed Asterion
 13721 | Spider:3 | Killed Donald
 13744 | Spider:3 | Killed Asterion
 13744 | Spider:3 | Reached XP level 16. HP: 113/159 MP: 9/9
 13892 | Spider:4 | Entered Level 4 of the Spider Nest
 14678 | Spider:4 | Got a gossamer rune of Zot
 15073 | Shoals:1 | Entered Level 1 of the Shoals
 15317 | Shoals:1 | Reached skill level 17 in Axes
 15908 | Shoals:3 | Acquired the amulet of Virtue {RegenMP rF+ rC+ MP-9 Int+6}
 15925 | Shoals:3 | Reached XP level 17. HP: 166/168 MP: 6/6
 16062 | Shoals:4 | Entered Level 4 of the Shoals
 16110 | Shoals:4 | Noticed Ilsuiw
 16120 | Shoals:4 | Reached skill level 15 in Fighting
 16153 | Shoals:4 | Killed Ilsuiw
 16918 | Shoals:4 | Got a barnacled rune of Zot
 17262 | D:15     | Cast into level 3 of the Abyss (unwielding a weapon of
                  | distortion)
 17262 | Abyss:3  | Found a corrupted altar of Lugonu.
 17375 | Abyss:3  | Found a corrupted altar of Lugonu.
 17386 | Abyss:3  | Gained mutation: You tend to lose your temper in combat. [a
                  | neqoxec]
 17493 | Abyss:5  | Entered Level 5 of the Abyss
 17815 | Abyss:5  | Reached skill level 18 in Axes
 17867 | Abyss:5  | Reached skill level 15 in Invocations
 17906 | Abyss:5  | Quit the game

Illustrated notes

Levels and vault maps discovered:
D:1:      nicolae_arrival_memento_mori, layout_rooms, grunt_decor_mini_mirrors,
          hex_large, hangedman_decor_push
D:2:      layout_basic, minmay_pentomino_v4
D:3:      layout_rooms, kennysheep_cluttered_room, grunt_ministairs_14
D:4:      layout_loops_cross, gammafunk_ghost_gnarly_gnolls
D:5:      layout_loops_ring, grunt_temple_overflow_open,
          minmay_temple_entry_waves, minmay_manual_mullet
D:6:      layout_cave_pools, lemuel_coloured_pillars_altar,
          yredelemnul_altar_generic
D:7:      layout_basic, minitemple, enter_bailey_2
D:8:      layout_loops_ring, kennysheep_vampire_church, minmay_fractal_squares_5
D:9:      layout_loops_ring, dpeg_oklobed_lair, orc_0_dummy, serial_shops,
          nicolae_shop_stone, nicolae_shop_crystal, shop, kennysheep_little_box
D:10:     layout_basic, basic_altar
D:11:     nicolae_whirlpool, layout_rooms, uniq_josephine, uniq_nergalle
D:12:     layout_roguey, serial_shops, shop
D:13:     layout_loops_cross, portal_ice_cave_entry_imps, uniq_azrael
D:14:     layout_roguey, skrybe_vaults_entry_preservation, columned_hall_lemuel,
          grunt_tough_drop, uniq_roxanne
D:15:     gammafunk_depths_entry_grave, layout_irregular_city,
          nicolae_two_hexagons
Temple:   compressed_dpeg_triangle_lava_temple
Lair:1:   layout_regular_city, ebering_ghost_reflecting_pool, uniq_harold
Lair:2:   layout_long_grid, minmay_shoals_entry_centaurs,
          nicolae_spider_entry_tight_spaces, grunt_forest_stairs_clearing
Shoals:1: layout_shoals, serial_shops, shop
Shoals:2: cheibrodos_shoals_epimethial_gifts, layout_shoals
Shoals:3: layout_shoals
Shoals:4: shoals_end_grunt_ice, layout_shoals, shoal_ilsuiw
Spider:1: layout_spider_delve, uniq_nikola
Spider:2: layout_spider_delve, gammafunk_ghost_split,
          nicolae_spider_ant_collections
Spider:3: layout_spider_delve, drop_trap, uniq_louise, uniq_donald,
          uniq_asterion, uniq_kirke
Spider:4: grunt_spider_rune_circles
Orc:1:    layout_caves, basic_altar
Orc:2:    st_orc_ogre_mass, layout_diamond_mine, uniq_sonja
Abyss:5:  base: D:4, evilmike_abyss_exit_7, minivault_13,
          evilmike_abyss_rune_tso_outpost, minivault_25_ag,
          due_evilmike_abyss_rune_seething_liches, abyss_exit_lava,
          hangedman_abyss_rune_flesh_and_stone, bh_abyss_exit_spiral,
          minivault_20, evilmike_nicolae_abyss_rune_betentacled_crabyss,
          minivault_27, dshaligram_kb_abyss_rune_zappy_water_cross

Skill      XL: |  1  2  3  4  5  6  7  8  9 10 11 12 13 14 15 16 17 |
---------------+----------------------------------------------------+-----
Fighting       | 3 4 5 6 7 8 9 11 12 13 14 15 | 15.7
Axes           | 3 4 5 6 7 9 10 11 12 13 14 16 17 18 | 18.0
Armour         | 4 5 6 7 8 9 10 11 12 13 | 13.5
Shields        | 4 5 6 7 8 9 10 11 12 13 | 13.7
Invocations    | 1 4 5 7 8 9 10 12 13 14 15 | 15.0
Evocations     | 3 6 7 9 10 | 10.0

Action                   |  1- 3 |  4- 6 |  7- 9 | 10-12 | 13-15 | 16-18 || total
-------------------------+-------+-------+-------+-------+-------+-------++-------
Melee: War axe           |   118 |    77 |   468 |   907 |  1239 |  1367 ||  4176
       Unarmed           |       |       |       |    18 |       |       ||    18
       Broad axe         |       |       |       |       |       |    62 ||    62
Invok: Lesser Servant of |       |       |       |       |     5 |       ||     5
       Greater Servant o |       |       |       |       |       |     4 ||     4
 Abil: Heal Wounds       |     1 |     5 |    17 |    23 |    31 |    44 ||   121
Evoke: Condenser vane    |       |       |       |       |     7 |     5 ||    12
       Wand              |       |       |       |       |     7 |     3 ||    10
  Use: Potion            |       |       |     1 |       |     6 |     5 ||    12
       Scroll            |       |       |    10 |    14 |     5 |    15 ||    44
 Stab: Paralysed         |       |       |       |       |     3 |    18 ||    21
       Invisible         |       |       |       |       |    18 |       ||    18
       Distracted        |       |       |       |       |       |     2 ||     2
Armor: Scale mail        |    53 |    33 |    89 |       |       |       ||   175
       Plate armour      |       |       |   267 |   520 |   866 |   700 ||  2353
       Skin              |       |       |       |     9 |       |       ||     9
Dodge: Dodged            |    36 |    15 |   126 |   282 |   552 |   417 ||  1428
Block: Kite shield       |    63 |    52 |   330 |   622 |  1408 |  1403 ||  3878
       Reflection        |       |       |       |     2 |    37 |    44 ||    83

Table legend: (Time is in decaauts)
 A = Elapsed time spent in this place.
 B = Non-inter-level travel time spent in this place.
 C = Inter-level travel time spent in this place.
 D = Time resting spent in this place.
 E = Time spent auto-exploring this place.
 F = Levels seen in this place.
 G = Mean time per level.
                   A        B        C        D        E       F      G
               +--------+--------+--------+--------+--------+-----+--------+
         Total |  17303 |  15892 |   1411 |    285 |   9153 |  33 |  524.3 |
       Dungeon |  11041 |  10213 |    828 |    120 |   6542 |  15 |  736.1 |
        Temple |     71 |     48 |     23 |      0 |     46 |   1 |   71.0 |
          Lair |    914 |    778 |    136 |      0 |    510 |   2 |  457.0 |
        Shoals |   1759 |   1590 |    169 |      0 |    546 |   4 |  439.8 |
   Spider Nest |   1754 |   1549 |    205 |     25 |    577 |   4 |  438.5 |
  Orcish Mines |   1170 |   1122 |     48 |    100 |    678 |   2 |  585.0 |
         Abyss |    564 |    564 |      0 |     40 |    253 |   3 |  188.0 |
        Bailey |      7 |      7 |      0 |      0 |      0 |   1 |    7.0 |
      Ice Cave |     19 |     19 |      0 |      0 |      0 |   1 |   19.0 |
               +--------+--------+--------+--------+--------+-----+--------+

Top non-repeatable levels by time:
    D:14: 1350 daAuts
    D:10: 1020 daAuts
    D:11: 999 daAuts
     D:5: 876 daAuts
    D:15: 855 daAuts
   Orc:2: 822 daAuts
Shoals:4: 805 daAuts
     D:7: 800 daAuts
Spider:4: 780 daAuts
     D:8: 771 daAuts
     D:6: 758 daAuts
     D:9: 744 daAuts
    D:13: 737 daAuts
     D:4: 703 daAuts
  Lair:2: 647 daAuts
